 Dungeon Crawl Stone Soup version 0.20.1-1-g8b1a95d (webtiles) character file.

1657 homeworkjunkie the Cleaver (level 9, -10/78 HPs)
             Began as a Hill Orc Fighter on Jan 2, 2018.
             Was a Follower of Okawaru.
             Killed by divine providence
             ... invoked by an orc priest
              (12 damage)
             ... on level 6 of the Dungeon.
             The game lasted 00:09:03 (5091 turns).

homeworkjunkie the Cleaver (Hill Orc Fighter)       Turns: 5091, Time: 00:09:04

Health: -10/78     AC: 10    Str: 21    XL:     9   Next: 0%
Magic:  9/9        EV:  6    Int:  8    God:    Okawaru [*.....]
Gold:   237        SH: 10    Dex: 11    Spells: 8/8 levels left

rFire    . . .     SeeInvis .   e - +2 hand axe (flame)
rCold    . . .     Gourm    .   c - +0 shield
rNeg     . . .     Faith    .   g - +0 chain mail
rPois    .         Spirit   .   (no helmet)
rElec    .         Reflect  .   (no cloak)
rCorr    .         Harm     .   (no gloves)
MR       .....                  (no boots)
Stlth    ..........             (no amulet)
Regen    0.3/turn               (no ring)
MPRegen  0.2/turn               (no ring)

@: no status effects
A: no striking features
a: Heroism, Renounce Religion, Convert to Beogh


You were on level 6 of the Dungeon.
You worshipped Okawaru.
Okawaru was aware of your devotion.
You were full.

You visited 2 branches of the dungeon, and saw 8 of its levels.

You collected 237 gold pieces.

Inventory:

Hand Weapons
 a - a +1 war axe
 e - a +2 hand axe of flaming (weapon)
Armour
 c - a +0 shield (worn)
 g - a +0 chain mail (worn)
Scrolls
 j - a scroll of teleportation
Potions
 d - 2 potions of curing
 f - a potion of haste
 l - 2 potions of magic
 n - 2 potions of invisibility
Comestibles
 b - 5 bread rations
 k - 2 meat rations


   Skills:
 * Level 6.6 Fighting
 * Level 9.4 Axes
 * Level 7.0 Armour
 + Level 1.2 Dodging
 + Level 0.3 Stealth
 * Level 5.5 Shields


You had 8 spell levels left.
You didn't know any spells.

Dungeon Overview and Level Annotations

Branches:
Dungeon (7/15)             Temple (1/1) D:4

Altars:
Ashenzari
Fedhas
Gozag
Hepliaklqana
Kikubaaqudgha
Makhleb
Nemelex Xobeh
Okawaru
Qazlal
Sif Muna
Trog
Uskayaw
Vehumet
Xom
Yredelemnul
The Shining One

Shops:
D:5 %   D:7 }


Message History

You hit the orc warrior but do no damage.
The orc warrior is moderately wounded.
The orc warrior barely misses you.
You closely miss the orc warrior.
The orc warrior is moderately wounded.
The orc warrior hits you with a short sword!
* * * LOW HITPOINT WARNING * * *
Your chain mail prevents you from hitting the orc warrior.
The orc warrior is moderately wounded.
The orc priest calls upon Beogh to heal the orc warrior.
The orc warrior is healed somewhat.
You block the orc warrior's attack.
You hit the orc warrior. You burn the orc warrior.
The orc warrior is moderately wounded.
The orc warrior hits you with a short sword!
* * * LOW HITPOINT WARNING * * *
You slash the orc warrior! You burn the orc warrior.
The orc warrior is severely wounded.
The orc priest invokes the aid of Beogh against you.
Beogh smites you!
You die...

#
#.#.######.#
#
#......((..#
#
###.##.#(###
. #.##.#.# #
#....#(#
#.####.# #.#
#.#
########)#
.....oo@.#
##########


You could see an orc warrior and an orc priest.

Vanquished Creatures
  A hungry ghost (D:5)
  The ghost of bmj180 the Cutter, an amateur KoFi (D:3)
  2 ogres (D:4)
  2 centaurs
  A gnoll sergeant (D:4)
  2 bullfrogs
  2 scorpions
  5 wights (D:6)
  2 crimson imps (D:5)
  6 hounds
  2 bullfrog skeletons (D:4)
  5 worker ants
  A hound skeleton (D:5)
  3 gnolls (D:4)
  6 adders
  2 dart slugs
  A worm (D:2)
  4 leopard geckos
  3 orcs
  4 giant cockroaches
  8 goblins
  9 hobgoblins
  8 jackals (D:1)
  11 kobolds
  7 quokkas
  A ball python (D:4)
  10 bats
  5 frilled lizards
  A leopard gecko skeleton (D:6)
  4 rats
119 creatures vanquished.

Notes
Turn   | Place    | Note
-------+----------+-------------------------------------------
     0 | D:1      | homeworkjunkie the Hill Orc Fighter began the quest for the Orb.
     0 | D:1      | Reached XP level 1. HP: 19/19 MP: 1/1
    95 | D:1      | Reached XP level 2. HP: 24/27 MP: 2/2
   124 | D:1      | Reached skill level 3 in Axes
   162 | D:1      | Reached XP level 3. HP: 32/33 MP: 3/3
   582 | D:4      | Noticed a bullfrog
   584 | D:4      | Reached XP level 4. HP: 37/41 MP: 4/4
   600 | D:4      | Killed a bullfrog
   600 | D:4      | Reached skill level 4 in Axes
   600 | D:4      | Reached XP level 5. HP: 14/47 MP: 5/5
  1164 | D:5      | Entered Level 5 of the Dungeon
  1168 | D:5      | Reached skill level 5 in Fighting
  1168 | D:5      | Reached XP level 6. HP: 53/56 MP: 6/6
  1176 | D:5      | Reached skill level 5 in Axes
  1205 | D:5      | Noticed a hungry ghost
  1216 | D:5      | Reached skill level 6 in Axes
  1227 | D:5      | Paralysed by fainting for 9 turns
  1236 | D:5      | Killed a hungry ghost
  1236 | D:5      | Reached skill level 5 in Armour
  1236 | D:5      | Reached XP level 7. HP: 8/62 MP: 7/7
  1793 | D:3      | Noticed bmj180's ghost (amateur KoFi)
  3179 | D:3      | Killed bmj180's ghost
  3179 | D:3      | Reached skill level 7 in Axes
  3260 | D:4      | Reached skill level 5 in Shields
  3260 | D:4      | Reached XP level 8. HP: 43/70 MP: 8/8
  3660 | D:4      | Reached skill level 1 in Dodging
  3750 | D:4      | Reached skill level 8 in Axes
  3952 | D:4      | Found a staircase to the Ecumenical Temple.
  3957 | Temple   | Entered the Ecumenical Temple
  4066 | Temple   | Became a worshipper of Warmaster Okawaru
  4403 | D:5      | Found Eczaoho Sida's Food Emporium.
  4594 | D:5      | Found a stormy altar of Qazlal.
  4659 | D:5      | Found a bloodstained altar of Trog.
  4968 | D:6      | Reached * piety under Okawaru
  4968 | D:6      | Reached skill level 9 in Axes
  4995 | D:7      | Found Omiris's Gadget Boutique.
  4999 | D:7      | Reached XP level 9. HP: 48/78 MP: 9/9
  5090 | D:6      | HP: 2/78 [orc warrior/short sword (15)]
  5091 | D:6      | Killed from afar by an orc priest

Skill      XL: |  1  2  3  4  5  6  7  8 |
---------------+-------------------------+-----
Fighting       | 4 5 6 |  6.6
Axes           | 3 4 6 7 9 |  9.4
Armour         | 4 5 7 |  7.0
Shields        | 4 5 |  5.5
Dodging        | 1 |  1.2
Stealth        | |  0.3

Action                   |  1- 3 |  4- 6 |  7- 9 || total
-------------------------+-------+-------+-------++-------
Melee: War axe           |    80 |    72 |    14 ||   166
       Hand axe          |       |       |   273 ||   273
  Use: Potion            |       |     5 |     5 ||    10
       Scroll            |       |     2 |     9 ||    11
  Eat: Bread ration      |       |     2 |     1 ||     3
       Royal jelly       |       |     1 |     1 ||     2
       Meat ration       |       |       |     2 ||     2
       Chunk             |       |       |     1 ||     1
Armor: Scale mail        |    55 |    52 |    20 ||   127
       Chain mail        |       |       |    89 ||    89
Dodge: Dodged            |    41 |    29 |    63 ||   133
Block: Shield            |    50 |    35 |   120 ||   205
